 Dungeon Crawl Stone Soup version 0.22.0-2-ge58baed0e8 (webtiles) character file.

53 PentaManta the Changer (level 3, -1/15 HPs)
             Began as a Felid Transmuter on Aug 13, 2018.
             Killed from afar by an orc wizard (9 damage)
             ... with a puff of frost
             ... on level 3 of the Dungeon.
             The game lasted 00:16:24 (1999 turns).

PentaManta the Changer (Felid Transmuter)           Turns: 1999, Time: 00:16:25

Health: -1/15      AC:  1    Str:  6    XL:     3   Next: 64%
Magic:  7/7        EV: 18    Int: 15    God:
Gold:   114        SH:  0    Dex: 16    Spells: 0/6 levels left
                                        Lives:  0   Deaths: 1

rFire    . . .     SeeInvis +     - Unarmed
rCold    . . .     Gourm    .   (shield unavailable)
rNeg     . . .     Faith    .   (armour unavailable)
rPois    .         Spirit   .   (helmet unavailable)
rElec    .         Reflect  .   (cloak unavailable)
rCorr    .         Harm     .   (gloves unavailable)
MR       .....                  (boots unavailable)
Stlth    +++.......             (no amulet)
HPRegen  0.05/turn              (no ring)
MPRegen  0.10/turn              (no ring)

@: appendage (expiring), quick
A: very small, no armour, no weapons or thrown items, stealth, claws 1, fangs 3,
horns 2, see invisible, carnivore, speed 1, shaggy fur 1, slow metabolism 1,
sharp paws
a: End Transformation


You were on level 3 of the Dungeon.
You were not hungry.
You had grown temporary horns.
You visited 1 branch of the dungeon, and saw 3 of its levels.

You collected 114 gold pieces.

Inventory:

Missiles
 a - 26 arrows
Jewellery
 g - an uncursed ring of wizardry
Scrolls
 d - a scroll of magic mapping {unknown}
 h - 2 scrolls of fog
 i - a scroll of teleportation
 j - a scroll of fear
Potions
 b - a potion of heal wounds {unknown}
 e - 2 potions of curing {unknown}
 f - a potion of brilliance
Comestibles
 c - 4 rations


   Skills:
 - Level 1.0 Fighting
 - Level 2.6 Dodging
 + Level 3.9 Stealth
 - Level 3.0 Unarmed Combat
 - Level 2.1 Spellcasting
 - Level 4.0 Transmutations


You couldn't memorise any spells.
You knew the following spells:

 Your Spells              Type           Power        Failure   Level  Hunger
a - Beastly Appendage     Tmut           ##....       4%          1    #......
b - Sticks to Snakes      Tmut           ##......     6%          2    ###....
c - Spider Form           Tmut/Pois      #.........   28%         3    ###....

Your spell library contained the following spells:

 Spells                   Type           Power        Failure   Level  Hunger
 Blade Hands              Tmut           ##........   75%         5    ######.
 Ice Form                 Ice/Tmut       #.......     67%         4    #####..


Dungeon Overview and Level Annotations

Branches:
Dungeon (3/15)

Altars:


Innate Abilities, Weirdness & Mutations

You cannot wear armour.
You are incapable of wielding weapons or throwing items.
Your paws allow you to move quietly. (Stealth)
You have sharp claws.
You have razor-sharp teeth.
You have supernaturally acute eyesight. (SInv)
You are carnivorous and can eat meat at any time.
You cover ground quickly.
You are covered in fur. (AC +1)
You have a slow metabolism.
Your sharp claws are effective at attacking unaware monsters.
You have a pair of horns on your head.


Message History

The orc wizard is heavily wounded.
Your transformation is almost over.
The orc wizard closely misses you.
You closely miss the orc wizard. Your headbutt misses the orc wizard.
The orc wizard is heavily wounded.
The orc wizard points at you and mumbles some strange words.
The puff of frost misses you.
You closely miss the orc wizard.
The orc wizard is heavily wounded.
The orc wizard closely misses you.
An orc comes into view. It is wielding a whip.
The orc shouts!
You scratch the orc wizard.
You bite the orc wizard, but do no damage.
The orc wizard is severely wounded.
You hear a shout! x2
The orc wizard gestures at you while chanting.
The puff of frost hits you!
Ouch! That really hurt!
You die...

#........÷..(....†....#
#.......##....##......#
#......#.##..##.#.....#
#.....#.#.#..#.#.#...o..
#.....##.#....#.##.....##
#....#.##......## #....#
#...#.#.......... #..##
#...##...g....... ..#
#..#.(..@oo....o.
#........o.......
#.########....... #.#
#.##... #.# .# <. #.# .#
. #.# . #.# # #.#


You could see an orc wizard, 3 orcs and a goblin.

Vanquished Creatures
  An adder (D:3)
  2 oozes (D:2)
  A dart slug (D:2)
  A leopard gecko (D:3)
  2 orcs (D:3)
  4 bats
  5 giant cockroaches
  7 hobgoblins
  2 jackals (D:2)
  A quokka (D:3)
  5 frilled lizards
  A goblin (D:1)
  5 kobolds
  2 rats
39 creatures vanquished.

Vanquished Creatures (collateral kills)
  A scorpion (D:2)
  An adder (D:3)
  An orc (D:3)
3 creatures vanquished.

Grand Total: 42 creatures vanquished

Notes
Turn   | Place    | Note
-------+----------+-------------------------------------------
     0 | D:1      | PentaManta the Felid Transmuter began the quest for the Orb.
     0 | D:1      | Reached XP level 1. HP: 9/9 MP: 4/4
   195 | D:1      | Reached skill level 1 in Stealth
   428 | D:1      | Reached XP level 2. HP: 12/12 MP: 3/6
   841 | D:2      | Noticed a scorpion
   901 | D:2      | Learned a level 2 spell: Sticks to Snakes
   916 | D:2      | Killed a scorpion
   916 | D:2      | Reached skill level 3 in Transmutations
   916 | D:2      | Reached XP level 3. HP: 15/15 MP: 2/7
  1364 | D:2      | You fall through a shaft!
  1401 | D:3      | Reached XP level 4. HP: 19/19 MP: 8/8
  1657 | D:3      | Killed from afar by an orc priest
  1658 | D:3      | Reached XP level 3. HP: -4/15 MP: 1/7
  1662 | D:3      | Learned a level 3 spell: Spider Form
  1805 | D:3      | Reached skill level 4 in Transmutations
  1999 | D:3      | Killed from afar by an orc wizard

Skill      XL: |  1  2  3 |
---------------+----------+-----
Stealth        | 1 3 |  3.9
Transmutations | 3 4 |  4.0
Fighting       | |  1.0
Dodging        | |  2.6
Unarmed Combat | |  3.0
Spellcasting   | |  2.1

Action                   |  1- 3 |  4- 6 || total
-------------------------+-------+-------++-------
Melee: Unarmed           |    84 |    18 ||   102
       Headbutt          |    11 |     2 ||    13
       Bite              |     8 |       ||     8
 Cast: Beastly Appendage |    18 |     3 ||    21
       Sticks to Snakes  |     8 |     3 ||    11
  Use: Potion            |     5 |       ||     5
       Scroll            |       |     6 ||     6
 Stab: Sleeping          |    13 |     1 ||    14
Armor: Skin              |     4 |     1 ||     5
Dodge: Dodged            |    53 |    17 ||    70
